 Dungeon Sprint DCSS version 0.29-a0-338-g1ff7896281 (webtiles) character file.

Game seed: 16336434901757799659

27466 mhtbhm the Executioner (level 13, -4/151 HPs)
             Began as a Gargoyle Berserker on Apr 17, 2022.
             Was the Champion of Trog.
             Slain by a death knight
             ... wielding the +10 battleaxe of the Middle {protect, Fly rPois}
              (32 damage)
             ... in the Dungeon (Sprint VII: "The Pits").
             The game lasted 00:07:03 (3710 turns).

mhtbhm the Executioner (Gargoyle Berserker)         Turns: 3710, Time: 00:07:04

Health: -4/151     AC: 24    Str: 29    XL:     13   Next: 32%
Magic:  4/13       EV: 13    Int: 14    God:    Trog [******]
Gold:   55         SH:  0    Dex:  9    Spells: 12/12 levels left

rFire   + . .      SeeInvis .   z - +4 executioner's axe (flame)
rCold   . . .      Faith    .   (shield currently unavailable)
rNeg    + . .      Spirit   .   b - +4 ring mail {rF+}
rPois   ∞          Reflect  .   h - +1 hat {Int+3}
rElec   +          Harm     .   (no cloak)
rCorr   .          Rampage  .   n - +0 pair of gloves
Will    .....      NoTele   +   (no boots)
Stlth   ..........              (no amulet)
HPRegen 0.35/turn               l - +3 ring of strength
MPRegen 0.13/turn               k - +3 ring of intelligence

@: berserking (expiring), very quick
A: sickness immunity, AC +9, negative energy resistance 1, electricity
resistance, torment resistance 1, petrification resistance
a: Renounce Religion, Berserk, Trog's Hand, Brothers in Arms


You were in the Dungeon.
You worshipped Trog.
Trog was exalted by your worship.
You visited 1 branch You collected 55 gold pieces.

Inventory:

Hand Weapons
 a - the +7 executioner's axe "Peoshruch" {antimagic, rF+++ Will- Str+6 Dex+4}
   (Trog gifted it to you in the Dungeon)

   It reduces the magical energy of the wielder, and disrupts the spells and
   magical abilities of those it strikes.
   Natural abilities and divine invocations are not affected.
   Str:       It affects your strength (+6).
   Dex:       It affects your dexterity (+4).
   rF:        It renders you almost immune to fire.
   Will:      It decreases your willpower.
 z - a +4 executioner's axe of flaming (weapon)
Armour
 b - a +4 ring mail of fire resistance (worn)
 h - a +1 hat of intelligence (worn)
 n - a +0 pair of gloves (worn)
Jewellery
 k - a +3 ring of intelligence (right hand)
 l - a +3 ring of strength (left hand)
 t - a ring of positive energy
 u - a ring of protection from cold
 w - a ring of magical power
Scrolls
 j - a scroll of summoning
 o - 2 scrolls of identify
 p - 3 scrolls of fog
 q - 6 scrolls of enchant armour
 r - 4 scrolls of enchant weapon
 v - a scroll of fear
Potions
 c - 9 potions of curing
 d - 3 potions of heal wounds
 e - 3 potions of haste
 f - 4 potions of magic
 g - 5 potions of berserk rage
 i - 2 potions of invisibility
 m - 3 potions of might
 s - 3 potions of mutation
 x - 2 potions of attraction
Miscellaneous
 y - a lightning rod (4/4)


   Skills:
 + Level 20.0 Fighting
 + Level 22.6 Axes
 + Level 14.0 Armour
 + Level 8.7 Dodging
 + Level 3.7 Stealth


You had 12 spell levels left.
You didn't know any spells.
Your spell library was empty.

Dungeon Overview and Level Annotations

Branches:
Dungeon (1/1)

Altars:

Annotations:
D Nergalle


Innate Abilities, Weirdness & Mutations

You are immune to sickness and miasma.
Your stone body is resilient. (AC +9)
You are immune to poison.
You resist negative energy. (rN+)
You are resistant to electric shocks. (rElec)
You are resistant to unholy torment.
You are immune to petrification.


Message History

The eight-headed hydra bites you but does no damage.
The eight-headed hydra barely misses you.
The eight-headed hydra bites you but does no damage. x2
The eight-headed hydra bites you.
You chop one of the eight-headed hydra's heads off!
The flame cauterises the wound!
You carve the seven-headed hydra like a ham!!!
You burn the seven-headed hydra.
You kill the seven-headed hydra!
Trog accepts your kill.
You hit the hornet. You burn the hornet. The hornet stings you!
Your Fighting skill increases to level 20!
Your Armour skill increases to level 14!
Unknown command.
You closely miss the hornet.
The hornet is moderately wounded.
The hornet stings you but does no damage.
Unknown command.
You slice the hornet!! You burn the hornet!
You kill the hornet!
Trog accepts your kill.
You carve the death knight like a ham!!!
You burn the death knight!!
The death knight reflects your damage back at you!
* * * LOW HITPOINT WARNING * * *
Unknown command.
The death knight blocks your attack.
The death knight is severely wounded.
Nergalle the Soulbinder comes into view.
She is wielding a +0 great mace.
The death knight drinks a potion.
The death knight is healed!
You closely miss the death knight.
The death knight is moderately wounded.
You hit the death knight. You burn the death knight.
The death knight is heavily wounded.
The death knight reflects your damage back at you!
* * * LOW HITPOINT WARNING * * *
Nergalle gestures at you while chanting.
Orcish apparitions take form around you.
The death knight hits you with the +10 battleaxe of the Middle {protect, Fly rPois}!!
You die...

######################
#....................'
#....................'
#..################..# #..'#.#o#
#..# #.)#)#p# #..# #..##@# #..#
#..#Z#Z# #..# #..## #Z# #..#
#..################..#
#....................#
#....................#
##########''##########
##########''##########
#########+##................##..#


You could see a death knight (reflects damage), Nergalle, 2 spectral orcs and a
spectral orc warrior (summoned).

Vanquished Creatures
  A fire giant (D)
  A deep elf sorcerer (D)
  An emperor scorpion (D)
  Aizul (D)
  A white draconian (D)
  A hydra (D)
  Erica (D)
  A two-headed ogre (D)
  A merfolk avatar (D)
  An anaconda (D)
  A death yak (D)
  An orc high priest (D)
  3 fire crabs (D)
  A shadow wraith (D)
  A sea snake (D)
  A deep troll (D)
  A deep elf pyromancer (D)
  2 ugly things (D)
  A deep elf zephyrmancer (D)
  An orc sorcerer (D)
  An orange demon (D)
  3 smoke demons (D)
  An eye of devastation (D)
  2 gargoyles (D)
  An efreet (D)
  2 ice devils (D)
  A guardian mummy (D)
  A demonic crawler (D)
  2 red devils (D)
  A merfolk (D)
  2 tarantellas (D)
  A troll (D)
  A hornet (D)
  12 dream sheep (D)
  5 blink frogs (D)
  A flying skull (D)
  A shadow (D)
  2 jumping spiders (D)
  A water elemental (D)
  A fire elemental (D)
  6 yaks (D)
  A redback (D)
  A warg (D)
  An orc warrior (D)
  A sky beast (D)
  An ogre (D)
  A gnoll sergeant (D)
  An earth elemental (D)
  A scorpion (D)
  3 wights (D)
  4 killer bees (D)
  An orc priest (D)
  A jelly (D)
  A gnoll shaman (D)
  Jessica (D)
  An iguana (D)
  3 orc wizards (D)
  5 gnolls (D)
  An adder (D)
  A river rat (D)
  An ufetubus (D)
  An adder skeleton (D)
  4 orcs (D)
  A ball python (D)
  A bat zombie (D)
  2 endoplasms (D)
  2 giant cockroaches (D)
  2 goblins (D)
  2 kobolds (D)
  A quokka (D)
  2 frilled lizards (D)
  A rat (D)
121 creatures vanquished.

Vanquished Creatures (collateral kills)
  Gastronok (D)
  A boulder beetle (D)
  A centaur warrior (D)
  An orc knight (D)
  An ice devil (D)
  2 orc warriors (D)
  An orc priest (D)
8 creatures vanquished.

Vanquished Creatures (others)
  A bat skeleton (D)
  A ball python zombie (D)
2 creatures vanquished.

Grand Total: 131 creatures vanquished

Notes
Turn   | Place    | Note
-------+----------+-------------------------------------------
     0 | D        | mhtbhm the Gargoyle Berserker began the quest for the Orb.
     0 | D        | Reached XP level 1. HP: 14/14 MP: 1/1
    20 | D        | Reached skill level 3 in Axes
    62 | D        | Reached ** piety under Trog
    63 | D        | Reached XP level 2. HP: 13/20 MP: 2/2
   281 | D        | Reached skill level 4 in Axes
   291 | D        | Reached *** piety under Trog
   357 | D        | Noticed a sky beast
   368 | D        | Killed a sky beast
   369 | D        | Reached skill level 6 in Axes
   369 | D        | Reached XP level 3. HP: 14/28 MP: 3/3
   369 | D        | Reached XP level 4. HP: 16/32 MP: 4/4
   593 | D        | Noticed a scorpion
   593 | D        | Noticed a flying skull
   599 | D        | Killed a flying skull
   600 | D        | Reached skill level 8 in Axes
   600 | D        | Reached XP level 5. HP: 40/40 MP: 5/5
   600 | D        | Reached XP level 6. HP: 45/45 MP: 6/6
   602 | D        | Reached **** piety under Trog
   693 | D        | Reached skill level 5 in Armour
   695 | D        | Noticed a demonic crawler
   706 | D        | Killed a demonic crawler
   706 | D        | Reached ***** piety under Trog
   707 | D        | Reached skill level 10 in Fighting
   707 | D        | Reached skill level 9 in Axes
   707 | D        | Reached XP level 7. HP: 53/53 MP: 7/7
   793 | D        | Noticed Jessica
   803 | D        | Reached skill level 10 in Axes
   804 | D        | Killed Jessica
   805 | D        | Reached skill level 5 in Dodging
   816 | D        | Noticed a dream sheep
   816 | D        | Noticed a dream sheep
   816 | D        | Noticed a dream sheep
   816 | D        | Noticed a dream sheep
   816 | D        | Noticed a dream sheep
   817 | D        | Noticed a two-headed ogre
   820 | D        | Killed a dream sheep
   824 | D        | Killed a dream sheep
   825 | D        | Reached skill level 11 in Axes
   825 | D        | Reached XP level 8. HP: 60/60 MP: 8/8
   825 | D        | Killed a dream sheep
   828 | D        | Killed a two-headed ogre
   828 | D        | Received a gift from Trog
   829 | D        | Reached skill level 12 in Axes
   829 | D        | Reached XP level 9. HP: 65/65 MP: 9/9
   834 | D        | Reached skill level 13 in Axes
   982 | D        | Noticed a red devil
   983 | D        | Noticed a guardian mummy
   989 | D        | Killed a red devil
   993 | D        | Killed a guardian mummy
   993 | D        | Reached ****** piety under Trog
  1146 | D        | Noticed a gargoyle
  1146 | D        | Noticed a tarantella
  1149 | D        | Noticed a troll
  1151 | D        | Received a gift from Trog
  1159 | D        | Killed a tarantella
  1160 | D        | Reached skill level 14 in Axes
  1160 | D        | Killed a gargoyle
  1168 | D        | Killed a troll
  1169 | D        | Reached XP level 10. HP: 38/73 MP: 10/10
  1172 | D        | Received a gift from Trog
  1175 | D        | Reached skill level 10 in Armour
  1182 | D        | Reached skill level 15 in Axes
  1183 | D        | Killed a shadow wraith
  1184 | D        | Received a gift from Trog
  1194 | D        | HP: 1/76 [dream sheep (7)]
  1197 | D        | Reached skill level 16 in Axes
  1197 | D        | Noticed a deep elf zephyrmancer
  1244 | D        | Killed a deep elf zephyrmancer
  1529 | D        | Received a gift from Trog
  1532 | D        | Noticed an orc knight
  1545 | D        | Reached skill level 15 in Fighting
  1546 | D        | Received a gift from Trog
  1546 | D        | Killed an orc knight
  1547 | D        | Reached XP level 11. HP: 30/81 MP: 11/11
  1752 | D        | Noticed a boulder beetle
  1763 | D        | Reached skill level 17 in Axes
  1789 | D        | Killed a boulder beetle
  2057 | D        | Noticed an orc high priest
  2057 | D        | Noticed an orc sorcerer
  2059 | D        | Noticed Gastronok
  2061 | D        | Noticed a merfolk avatar
  2066 | D        | Noticed a soul eater
  2067 | D        | Received a gift from Trog
  2068 | D        | Killed an orc high priest
  2070 | D        | Killed an orc sorcerer
  2071 | D        | Reached skill level 18 in Axes
  2074 | D        | Killed a merfolk avatar
  2074 | D        | Noticed a centaur warrior
  2075 | D        | Reached skill level 1 in Stealth
  2080 | D        | HP: 1/83 [smoke demon (4)]
  2089 | D        | Killed a centaur warrior
  2093 | D        | Killed Gastronok
  2093 | D        | Received a gift from Trog
  2300 | D        | Noticed a sea snake
  2312 | D        | Killed a sea snake
  2313 | D        | Reached skill level 19 in Axes
  2432 | D        | Noticed a deep elf pyromancer
  2443 | D        | Received a gift from Trog
  2444 | D        | Reached XP level 12. HP: 91/91 MP: 12/12
  2455 | D        | Received a gift from Trog
  2737 | D        | Noticed a fire giant
  2737 | D        | Noticed a white draconian
  2737 | D        | Noticed a deep elf sorcerer
  2744 | D        | Killed a fire giant
  2744 | D        | Received a gift from Trog
  2745 | D        | Reached skill level 20 in Axes
  2751 | D        | Killed a white draconian
  2752 | D        | Killed a deep elf sorcerer
  2754 | D        | Received a gift from Trog
  2964 | D        | Reached skill level 21 in Axes
  2970 | D        | Identified the +7 executioner's axe "Peoshruch" {antimagic,
                  | rF+++ Will- Str+6 Dex+4} (Trog gifted it to you in the
                  | Dungeon)
  2970 | D        | Received a gift from Trog
  3263 | D        | Noticed an emperor scorpion
  3265 | D        | Noticed Erica
  3274 | D        | Killed an emperor scorpion
  3278 | D        | Killed Erica
  3499 | D        | Reached XP level 13. HP: 92/100 MP: 4/13
  3601 | D        | Noticed Aizul
  3609 | D        | Killed Aizul
  3611 | D        | Received a gift from Trog
  3612 | D        | Reached skill level 22 in Axes
  3615 | D        | Noticed a fire dragon
  3701 | D        | Identified the +10 battleaxe of the Middle {protect, Fly
                  | rPois}
  3703 | D        | Received a gift from Trog
  3708 | D        | Noticed Nergalle
  3710 | D        | Slain by a death knight

Illustrated notes

Levels and vault maps discovered:
D:        pitsprint [storerooms_1, entrance_room_1, metal_vault_5, armoury_2,
          mini_pit_1, grid_room_1, main_hall_1, silver_pit, the_coven_1,
          the_vestibule_1, steel_vault_4, golden_pit, hallway_of_sentries,
          crystal_vault_1, iron_vault_4, final_vault]

Skill      XL: |  1  2  3  4  5  6  7  8  9 10 11 12 13 |
---------------+----------------------------------------+-----
Axes           | 3 6 8 9 11 12 14 16 19 21 22 | 22.6
Fighting       | 4 6 8 10 11 12 13 15 17 19 20 | 20.0
Dodging        | 2 3 4 5 6 7 8 |  8.7
Armour         | 3 4 5 7 8 9 11 12 13 14 | 14.0
Stealth        | 2 3 |  3.7

Action                   |  1- 3 |  4- 6 |  7- 9 | 10-12 | 13-15 || total
-------------------------+-------+-------+-------+-------+-------++-------
Melee: Hand axe          |    34 |    24 |    35 |       |       ||    93
       Battleaxe         |       |       |    27 |    26 |       ||    53
       Executioner's axe |       |       |       |   127 |    36 ||   163
Invok: Berserk           |     2 |     2 |     2 |     9 |     2 ||    17
       Brothers in Arms  |       |       |       |     4 |       ||     4
  Use: Potion            |       |       |       |     9 |       ||     9
       Scroll            |       |       |       |     1 |       ||     1
Armor: Animal skin       |    15 |       |       |       |       ||    15
       Chain mail        |       |    18 |    39 |   121 |       ||   178
       Ring mail         |       |       |       |    31 |    17 ||    48
Dodge: Dodged            |    19 |     5 |    26 |   126 |    14 ||   190

Table legend: (Time is in decaauts)
 A = Elapsed time spent in this place.
 B = Non-inter-level travel time spent in this place.
 C = Inter-level travel time spent in this place.
 D = Time resting spent in this place.
 E = Time spent auto-exploring this place.
 F = Levels seen in this place.
 G = Mean time per level.
                   A        B        C        D        E       F      G
               +--------+--------+--------+--------+--------+-----+--------+
         Total |   3827 |   3827 |      0 |   2471 |    159 |   1 | 3827.0 |
       Dungeon |   3827 |   3827 |      0 |   2471 |    159 |   1 | 3827.0 |
               +--------+--------+--------+--------+--------+-----+--------+

Top non-repeatable levels by time:
       D: 3827 daAuts
